 Dungeon Crawl Stone Soup version 0.19-a0-1511-g16f215b (webtiles) character file.

18 AlphabetPasta the Chopper (level 2, -1/24 HPs)
             Began as a Demigod Gladiator on Sept 11, 2016.
             Slain by an adder (3 damage)
             ... on level 2 of the Dungeon.
             The game lasted 00:01:42 (981 turns).

AlphabetPasta the Chopper (Demigod Gladiator)        Turns: 981, Time: 00:01:42

Health: -1/24      AC:  3    Str: 18    XL:     2   Next: 33%
Magic:  4/4        EV: 13    Int: 12    God:
Gold:   37         SH:  0    Dex: 16    Spells: 0 memorised, 1 level left

rFire  . . .     SeeInvis .     a - +0 war axe
rCold  . . .     Gourm    .     b - +0 leather armour
rNeg   . . .     Faith    .     (no shield)
rPois  .         Spirit   .     c - +0 helmet
rElec  .         Dismiss  .     (no cloak)
rCorr  .         Reflect  .     (no gloves)
MR     .....     Harm     .     (no boots)
Stlth  +.........               (no amulet)
                                (no ring)
                                (no ring)

@: lethally poisoned (-1 -> -19)
A: deformed body, high mp 1, shaggy fur 1, wild magic 1
a: no special abilities


You were on level 2 of the Dungeon.
You were not hungry.

You visited 1 branch of the dungeon, and saw 2 of its levels.

You collected 37 gold pieces.

Inventory:

Hand Weapons
 a - a +0 war axe (weapon)
Missiles
 d - 3 throwing nets (quivered)
Armour
 b - a +0 leather armour (worn)
 c - a +0 helmet (worn)
Scrolls
 i - 2 scrolls of identify {unknown}
 k - a scroll of remove curse {unknown}
 l - a scroll of recharging {unknown}
 p - a scroll of amnesia {unknown}
Potions
 g - a potion of agility {unknown}
 h - a potion of might {unknown}
 j - a potion of degeneration {unknown}
 m - 2 potions of brilliance {unknown}
 n - a potion of curing {unknown}
 o - a potion of ambrosia {unknown}
Comestibles
 f - a bread ration
 q - a meat ration
 r - a chunk of flesh


   Skills:
 + Level 2.1 Fighting
 * Level 2.9 Axes
 - Level 1.7 Throwing
 + Level 1.0 Armour
 + Level 2.8 Dodging


You had one spell level left.
You didn't know any spells.

Dungeon Overview and Level Annotations

Branches:
Dungeon (2/15)


Innate Abilities, Weirdness & Mutations

You have an increased reservoir of magic. (+10% MP)
Armour fits poorly on your strangely shaped body.
You are covered in fur. (AC +1)
Your spells are a little harder to cast, but a little more powerful.


Message History

You feel sick. The adder barely misses you. The adder closely misses you.
You hit the adder.
The adder is moderately wounded.
You feel sick. The adder bites you but does no damage.
The adder closely misses you.
You completely miss the adder.
The adder is moderately wounded.
You feel sick. The adder misses you.
You closely miss the adder.
The adder is moderately wounded.
You feel sick. The adder barely misses you. The adder bites you.
* * * LOW HITPOINT WARNING * * *
You are more poisoned.
The adder poisons you!
It was a potion of mutation.
You feel extremely strange. Fur sprouts all over your body.
Your body twists and deforms.
You feel less in control of your magic.
* * * LOW HITPOINT WARNING * * *
You feel sick. The adder bites you.
You die...

...... ...# ..## ####
..# #... ..# ###.# ..#
..###....# ..####
#.....##.#########..(...
##.#....................
#..#######..####@#.....
..## ##..###S# ### .##
##..##... .# #..##.(#
#### ##......# ...#
###>........
##.######.....⌠...##
#........##........
...................#


You could see an adder.

Vanquished Creatures
  A worm (D:2)
  A giant cockroach (D:2)
  5 goblins
  A hobgoblin (D:1)
  2 kobolds
  2 bats (D:1)
12 creatures vanquished.

Notes
Turn   | Place    | Note
-------+----------+-------------------------------------------
     0 | D:1      | AlphabetPasta the Demigod Gladiator began the quest for the Orb.
     0 | D:1      | Reached XP level 1. HP: 17/17 MP: 3/3
   544 | D:1      | Reached skill level 1 in Armour
   723 | D:2      | Reached XP level 2. HP: 24/24 MP: 4/4
   981 | D:2      | Gained mutation: You are covered in fur. (AC +1) [potion of mutation]
   981 | D:2      | Gained mutation: Armour fits poorly on your strangely shaped body. [potion of mutation]
   981 | D:2      | Gained mutation: Your spells are a little harder to cast, but a little more powerful. [potion of mutation]
   981 | D:2      | Slain by an adder

Vault maps used:
D:1:      lemuel_arrival_funnel, minmay_crystal_room
D:2:      solitary_fountain, minmay_stone_trees_small

Skill      XL: |  1  2 |
---------------+-------+-----
Armour         | 1 |  1.0
Fighting       | 2 |  2.1
Axes           | |  2.9
Throwing       | |  1.7
Dodging        | |  2.8

Action                   || total
-------------------------++-------
Melee: War axe           ||    38
  Use: Potion            ||     1
Armor: Leather armour    ||     6
Dodge: Dodged            ||    33
